 Dungeon Crawl Stone Soup version 0.23.2-1-ga50397a (webtiles) character file.

Game seed: 17480098395263766270

107 doot the Gusty (level 4, 0/24 HPs)
             Began as a Tengu Air Elementalist on May 12, 2019.
             Succumbed to a worker ant's poison
             ... on level 7 of the Dungeon.
             The game lasted 00:03:52 (1034 turns).

doot the Gusty (Tengu Air Elementalist)             Turns: 1034, Time: 00:03:52

Health: 0/24       AC:  2    Str:  9    XL:     4   Next: 85%
Magic:  2/9        EV: 12    Int: 16    God:
Gold:   65         SH:  0    Dex: 14    Spells: 3/9 levels left

rFire    x . .     SeeInvis .   (no weapon)
rCold    + . .     Gourm    .   (no shield)
rNeg     . . .     Faith    .   a - +0 robe
rPois    .         Spirit   .   (helmet restricted)
rElec    .         Reflect  .   (no cloak)
rCorr    .         Harm     .   (no gloves)
MR       .....                  (boots unavailable)
Stlth    ++........             (no amulet)
HPRegen  0.08/turn              b - ring of ice
MPRegen  0.11/turn              (no ring)

@: lethally poisoned (0 -> -6), very slightly contaminated, hasted, very quick
A: beak, talons 3
a: no special abilities


You were on level 7 of the Dungeon.
You were not hungry.

You visited 1 branch of the dungeon, and saw 5 of its levels.

You collected 65 gold pieces.

Inventory:

Armour
 a - a +0 robe (worn)
Jewellery
 b - a ring of ice (left hand)
 g - a +3 ring of intelligence {unknown}
Scrolls
 d - a scroll of noise {unknown}
 f - 3 scrolls of identify {unknown}
 i - a scroll of amnesia {unknown}
 j - a scroll of magic mapping {unknown}
 m - a scroll of enchant armour {unknown}
Potions
 e - a potion of flight {unknown}
 h - a potion of degeneration {unknown}
Comestibles
 c - 5 rations
 l - 11 chunks of flesh


   Skills:
 + Level 2.2 Dodging
 + Level 2.1 Stealth
 + Level 3.1 Spellcasting
 + Level 2.3 Conjurations
 + Level 5.7 Air Magic


You had 3 spell levels left.
You knew the following spells:

 Your Spells              Type           Power        Failure   Level  Hunger
a - Shock                 Conj/Air       ###.         3%          1    #......
b - Swiftness             Chrm/Air       ##......     9%          2    ##.....
c - Static Discharge      Conj/Air       ###.....     11%         3    ###....

Your spell library contained the following spells:

 Spells                   Type           Power        Failure   Level  Hunger
 Airstrike                Air            ###.......   17%         4    #####..
 Lightning Bolt           Conj/Air       ###.......   67%         5    ######.


Dungeon Overview and Level Annotations

Branches:
Dungeon (5/15)
 Temple: D:4-7

Altars:
Nemelex Xobeh
Xom
Zin

Shops:
D:7 *


Innate Abilities, Weirdness & Mutations

You have a beak for a mouth.
You have claws for feet.


Message History

The shadow imp is struck by an arc of lightning.
The shadow imp is heavily wounded.
You are struck by an arc of lightning.
The shadow imp is struck by an arc of lightning.
You kill the shadow imp!
Your Spellcasting skill increases to level 3!
The lightning grounds out.
A crimson imp comes into view.
The crimson imp shouts!
The crimson imp laughs crazily.
The crimson imp hits you.
* * * LOW HITPOINT WARNING * * *
Found a scroll labeled DOSSOWOANT.
Found Nuafeda's Assorted Antiques.
The worker ant bites you.
* * * LOW HITPOINT WARNING * * *
You are lethally poisoned!
The worker ant poisons you!
The crimson imp blinks!
Unknown command.
It was a potion of haste.
You feel yourself speed up.
You die...

#.# #### #.# #....
#.# .)....#####.#
#......n....#
......#####.#
#.... #.###?#.#
###########a.....#
#⌠.⌠..@§..5..#
#.∩.#######.... #⌠
.## #


You could see a worker ant and a crimson imp.

Vanquished Creatures
  3 adders
  4 gnolls (D:3)
  A shadow imp (D:7)
  A dart slug (D:1)
  4 leopard geckos
  A giant cockroach (D:1)
  7 goblins
  6 bats
  A frilled lizard (D:1)
  2 kobolds
  2 rats
32 creatures vanquished.

Notes
Turn   | Place    | Note
-------+----------+-------------------------------------------
     0 | D:1      | doot the Tengu Air Elementalist began the quest for the
                  | Orb.
     0 | D:1      | Reached XP level 1. HP: 10/10 MP: 4/4
   106 | D:1      | Reached XP level 2. HP: 10/15 MP: 0/6
   192 | D:1      | Learned a level 2 spell: Swiftness
   433 | D:1      | Found a sparkling altar of Nemelex Xobeh.
   553 | D:2      | Found a shimmering altar of Xom.
   553 | D:2      | Found a glowing silver altar of Zin.
   553 | D:2      | Noticed an angel
   570 | D:2      | Reached skill level 5 in Air Magic
   570 | D:2      | Reached XP level 3. HP: 17/19 MP: 1/7
   852 | D:2      | Learned a level 3 spell: Static Discharge
   951 | D:3      | Reached XP level 4. HP: 24/24 MP: 5/9
  1015 | D:3      | You fall through a shaft for 2 floors!
  1015 | D:5      | Entered Level 5 of the Dungeon
  1016 | D:5      | Noticed an ice beast
  1022 | D:5      | You fall through a shaft for 2 floors!
  1023 | D:7      | Noticed a necrophage
  1032 | D:7      | Found Nuafeda's Assorted Antiques.
  1033 | D:7      | HP: 1/24 [worker ant (5)]
  1034 | D:7      | Succumbed to a worker ant's poison

Skill      XL: |  1  2  3  4 |
---------------+-------------+-----
Air Magic      | 5 |  5.7
Conjurations   | 2 |  2.3
Spellcasting   | 3 |  3.1
Dodging        | |  2.2
Stealth        | |  2.1

Action                   |  1- 3 |  4- 6 || total
-------------------------+-------+-------++-------
Melee: Unarmed           |     1 |     2 ||     3
       Kick              |       |     1 ||     1
 Cast: Shock             |    54 |     6 ||    60
       Static Discharge  |       |     1 ||     1
  Use: Potion            |       |     1 ||     1
  Eat: Chunk             |     1 |       ||     1
Armor: Robe              |    18 |       ||    18
Dodge: Dodged            |    35 |     6 ||    41
